AoeStats
← maRtin993♪

Black Forest

510541798Analyzed
3v3 RM · 1d ago on Oct 1, 2026· 49m 57s· 6 players
Game mode
Random Map
Map size
Normal (6 player)
Population
200
Speed
Normal
Resources
Standard
Victory
Conquest
Starting age
Dark Age
Ending age
Imperial Age
RankedLock teamsTeams togetherTeam positionsShared explorationLock speedFull tech treeHidden civsTurbo modeCheats
Victory
Defeat
🇨🇳 Bulgarians · China
963
+13
🇧🇪 Danes · Belgium
934
+15
🇫🇷 Japanese · France
849
+18
🇮🇹 Persians · Italy
923
-16
🇨🇳 Teutons · China
915
-16
🇨🇳 Burgundians · China
867
-14
wsxc
13:36 Feudal Age
11:51 Loom
18:11 Castle Age
17:26 Double-Bit Axe
17:25 Horse Collar
19:51 Scale Mail Armor
20:19 Heavy Plow
20:37 Bow Saw
22:54 Wheelbarrow
22:06 Pikeman
24:20 Chain Mail Armor
27:55 Forging
39:24 Iron Casting
45:08 Ironclad
Fil
1:23 Loom
12:40 Feudal Age
17:49 Castle Age
17:41 Fletching
17:59 Scale Barding Armor
18:16 Double-Bit Axe
24:24 Wheelbarrow
25:25 Horse Collar
26:06 Bow Saw
28:12 Gold Mining
28:22 Stone Mining
31:13 Hand Cart
33:56 Imperial Age
maRtin993♪
0:33 Loom
16:23 Feudal Age
16:54 Man-at-Arms
28:11 Double-Bit Axe
32:51 Castle Age
32:09 Horse Collar
WinterVison
14:23 Feudal Age
20:49 Castle Age
21:44 Double-Bit Axe
27:44 Scale Mail Armor
28:41 Forging
29:42 Squires
29:30 Arson
29:33 Gambesons
30:07 Chain Mail Armor
40:47 Iron Casting
40:47 Thumb Ring
42:13 Fletching
42:25 Padded Archer Armor
44:47 Bodkin Arrow
45:07 Leather Archer Armor
F-I-R-O
2:14 Loom
12:26 Feudal Age
19:34 Castle Age
17:55 Double-Bit Axe
17:55 Horse Collar
27:18 Gold Mining
27:39 Bow Saw
28:46 Elite Skirmisher
29:32 Thumb Ring
30:19 Caravan
30:55 Stone Mining
31:13 Heavy Plow
31:42 Pikeman
32:08 Arson
32:08 Gambesons
38:54 Imperial Age
37:00 Wheelbarrow
36:10 Town Watch
36:40 Forging
36:31 Scale Mail Armor
37:12 Gold Shaft Mining
41:16 Elite Samurai
42:17 Conscription
42:17 Kataparuto
43:57 Chain Mail Armor
44:18 Iron Casting
wujiang
8:24 Loom
11:31 Feudal Age
12:20 Double-Bit Axe
13:50 Arson
17:44 Scale Mail Armor
25:17 Castle Age
25:13 Horse Collar
25:30 Gold Mining
25:31 Stone Mining
25:50 Scale Barding Armor
25:56 Forging
26:36 Wheelbarrow
26:14 Bow Saw
30:51 Gold Shaft Mining
30:52 Stone Shaft Mining
32:43 Hand Cart
35:44 Bloodlines
35:35 Husbandry
39:18 Imperial Age
38:03 Chain Barding Armor
38:20 Iron Casting
40:55 Conscription
41:45 Heavy Plow
41:43 Elite Konnik
44:26 Plate Barding Armor
45:02 Chemistry
44:09 Siege Engineers
44:00 Murder Holes
45:33 Blast Furnace
45:28 Town Watch
45:57 Masonry
46:08 Chain Mail Armor
45:16 Pikeman
45:57 Squires
45:44 Gambesons
46:10 Fletching
46:20 Padded Archer Armor
46:16 Capped Ram
48:18 Siege Ram
49:36 Ballistics
49:48 Architecture
Connection lost

Rejoining the realm…

Still unreachable

The connection could not be restored.

Session expired

The server has moved on; the page needs a fresh start.